 Dungeon Crawl Stone Soup version bcrawl-1.21.2-28-g2cb1824106 (webtiles) character file.

Game seed: 11365385162281528151

3552 MisterOstroum the Slicer (level 10, -6/60 HPs)
             Began as a Jungle Stalker Archaeologist on Mar 11, 2020.
             Was a Believer of Wu Jian.
             Mangled by a seven-headed hydra (14 damage)
             ... on level 6 of the Dungeon.
             The game lasted 00:12:05 (4801 turns).

MisterOstroum the Slicer (VSAc)                     Turns: 4801, Time: 00:12:06

Health: -6/60      AC: 10    Str: 18    XL:     10   Next: 9%
Magic:  11/11      EV: 11    Int: 14    God:    Wu Jian [**....]
Gold:   153        SH:  8    Dex: 12    Spells: 9/9 levels left

rFire    . . .     SeeInvis +   a - +1 dagger (speed)
rCold    . . .     Gourm    .   M - +0 medium shield
rNeg     . . .     Faith    .   l - +0 ring mail
rPois    +         Spirit   .   m - +0 helmet
rElec    .         Reflect  .   (no cloak)
rCorr    +         Harm     .   (no gloves)
MR       +....                  d - +1 pair of boots
Stlth    ++........             I - amulet of regeneration
HPRegen  1.00/turn              f - ring of Vowo {rCorr Slay+5 SInv}
MPRegen  0.12/turn              i - +2 ring of protection

@: no status effects
A: fangs 3, poison resistance, regeneration 1, acidic bite, no potion heal 3,
rot immunity, strong jaws
a: Wall Jump, Serpent's Lash, Renounce Religion


You were on level 6 of the Dungeon.
You worshipped Wu Jian.
Wu Jian was pleased with you.
You were not hungry.

You visited 2 branches of the dungeon, and saw 7 of its levels.
You also visited: Ossuary.

You collected 283 gold pieces.
You spent 130 gold pieces at shops.

Inventory:

Hand Weapons
 a - a +1 dagger of speed (weapon)
 k - a +4 dagger
 t - a +0 blowgun
 v - a +1 rapier
Missiles
 q - 1144 sling bullets
 r - 1186 stones (quivered)
 u - 30 poisoned needles
 A - 57 tomahawks
 F - 507 arrows
 K - 2 throwing nets {!f!f}
Armour
 d - a +1 pair of boots (worn)
 l - a +0 ring mail (worn)
 m - a +0 helmet (worn)
 M - a +0 medium shield (worn)
Jewellery
 f - the ring of Vowo (left hand) {rCorr Slay+5 SInv}
   (You acquired it on level 3 of the Dungeon)

   [ring of resist corrosion]

   It affects your accuracy and damage with ranged weapons and melee attacks
   (+5).
   It lets you see invisible.
   It provides partial protection from all sources of acid and corrosion.
 i - a +2 ring of protection (right hand)
 w - an uncursed ring of flight
 I - an amulet of regeneration (around neck)
 L - an uncursed ring of stealth {unknown}
Wands
 c - a wand of disintegration (11)
Scrolls
 b - a scroll of fear {unknown}
 g - 3 scrolls of magic mapping {@r5 !r}
 x - a scroll of immolation
 y - a scroll of noise {unknown}
 D - 2 scrolls of enchant weapon
 G - a scroll of enchant armour {unknown}
 H - 2 scrolls of teleportation {unknown}
 J - a scroll of blinking {unknown}
 N - a scroll of identify {@r1}
Potions
 h - a potion of haste {unknown}
 j - 6 potions of mutation
 n - 3 potions of flight {unknown}
 o - 2 potions of ambrosia {unknown}
 p - a potion of brilliance {unknown}
 s - a potion of magic {unknown}
 z - a potion of curing {@q1 !q}
 B - 2 potions of cancellation
 E - 2 potions of agility {unknown}
Comestibles
 e - 9 rations {!d}
 C - 11 chunks of flesh


   Skills:
 * Level 6.0 Fighting
 * Level 9.6 Short Blades
   Level 0.8 Maces & Flails
 - Level 0.6 Armour
 + Level 6.1 Dodging
 + Level 6.3 Stealth
 + Level 1.8 Shields


You had 9 spell levels left.
You didn't know any spells.
Your spell library was empty.

Dungeon Overview and Level Annotations

Branches:
Dungeon (6/12)             Temple (1/1) D:5

Altars:
Ashenzari
Cheibriados
Dithmenos
Elyvilon
Fedhas
Gozag
Hepliaklqana
Kikubaaqudgha
Lugonu
Makhleb
Okawaru
Qazlal
Ru
Sif Muna
Uskayaw
Vehumet
Wu Jian
Xom
Zin

Shops:
D:5 (

Annotations:
D:2 1 runed door, exclusion: door


Innate Abilities, Weirdness & Mutations

You have razor-sharp teeth.
Your system is resistant to poisons. (rPois)
Your natural rate of healing is unusually fast.
You have acidic saliva.
Potions cannot restore your health.
You are immune to rotting.
Your bites deal extra damage.


Message History

The iron imp barely misses you.
You hit the iron imp.
The iron imp is moderately wounded.
You closely miss the iron imp.
The iron imp is moderately wounded.
The iron imp closely misses you.
You hit the iron imp but do no damage.
The iron imp is moderately wounded.
You hit the iron imp.
The iron imp is heavily wounded.
Press: ? - help, v - describe, . - travel
Here: an iron imp (heavily wounded)
The floor.
You hit the iron imp.
The iron imp is severely wounded.
The iron imp hits you.
You hit the iron imp but do no damage. Your bite misses the iron imp.
The iron imp is severely wounded.
You hit the iron imp.
The iron imp is severely wounded.
You hit the iron imp but do no damage.
The iron imp is severely wounded.
The iron imp closely misses you.
You hit the iron imp.
You kill the iron imp!
The Council accepts your kill.
Your Fighting skill increases to level 6!
Eating one of 16 chunks of flesh.
You eat one of the 16 chunks of flesh.
This raw flesh tastes terrible.
There is an open gate here.
Things that are here:
a +0 war axe; a +0 chain mail; an orc skeleton
Things that are here:
a +3 dagger; a +0 robe; an orc skeleton Some of the chunks of flesh in your inventory have rotted away.
e - 9 rations {!d} (gained 1)
Found a dagger.
You see here a dagger.
A seven-headed hydra comes into view.
The seven-headed hydra roars!
A seven-headed hydra is nearby!
A seven-headed hydra is nearby!
Evoke which item? (* to show all) (? for menu, Esc to quit)
Aiming: Disintegrate
Press: ? - help, Shift-Dir - straight line, f - seven-headed hydra
Aim: a seven-headed hydra (chance to defeat MR: 30%)
Okay, then.
Unknown command.
Search for what [Enter for "."]? tele Unknown command.
There is an escape hatch in the ceiling here.
Really go through this one-way escape hatch?
Some of the chunks of flesh in your inventory have rotted away.
A mysterious force pulls you upwards. The hatch slams shut behind you.
(D) Dungeon (T) Temple
Where to? (Enter - D:6, ? - help)
There is a stone staircase leading up here.
There is a stone staircase leading down here.
You climb downwards.
There is a stone staircase leading up here.
You see here a +0 shortbow.
There is an open door here.
The seven-headed hydra is too close now for your liking.
A seven-headed hydra is nearby!
A seven-headed hydra is nearby!
The seven-headed hydra roars!
You puncture the seven-headed hydra!
The seven-headed hydra is lightly wounded.
You puncture the seven-headed hydra!
The seven-headed hydra is moderately wounded.
You block the seven-headed hydra's attack.
The seven-headed hydra misses you. The seven-headed hydra bites you! x2
The seven-headed hydra bites you.
The seven-headed hydra closely misses you.
The seven-headed hydra bites you but does no damage.
You hit the seven-headed hydra.
Your bite misses the seven-headed hydra.
The seven-headed hydra is moderately wounded.
You hit the seven-headed hydra.
The seven-headed hydra is moderately wounded.
You puncture the seven-headed hydra!
The seven-headed hydra is moderately wounded.
The seven-headed hydra bites you. x3
You block the seven-headed hydra's attack. x2
The seven-headed hydra bites you!
* * * LOW HITPOINT WARNING * * *
The seven-headed hydra bites you!
* * * LOW HITPOINT WARNING * * *
You are too injured to fight recklessly!
You are too injured to fight recklessly!
You are too injured to fight recklessly!
You spin and attack the seven-headed hydra repeatedly.
You hit the seven-headed hydra.
The seven-headed hydra is moderately wounded.
You hit the seven-headed hydra.
The seven-headed hydra is heavily wounded.
You hit the seven-headed hydra.
The seven-headed hydra is heavily wounded.
The seven-headed hydra bites you!
You die...

##........# #........########
##........# #........'.......
##........# #........########
##..[[[...# ######'####......
.'..[.....# #.# #.####.
##........# #.# #)# #.
#........###### #.# #.# #.
####'#######...#######.####.#####
...........'....@................
####)#######...#D#####.####.#####
......## #...#.# #.#......#
..##...# #...#.# #.+......#
..##.#.## #...#.# ###(.....#
.....#..# #...#### #......#
..#####.# #..###.## #...D..#
<.#.# #.## #####...## #......#
....# #..# ##..#..# #......#


You could see a seven-headed hydra.

Vanquished Creatures
  A two-headed ogre (D:5)
  Eustachio (D:4)
  Menkaure (D:5)
  A phantom (D:3)
  A necrophage (D:6)
  3 orc warriors (D:6)
  2 ogres
  A centaur (D:6)
  A big kobold (D:5)
  A bullfrog (D:6)
  2 scorpions
  4 wights (D:6)
  A howler monkey (D:4)
  3 bullfrog zombies
  6 centaur zombies
  A crimson imp (D:5)
  An iron imp (D:6)
  2 jellies (D:5)
  4 orc priests
  2 bullfrog skeletons (D:5)
  3 hounds
  8 orc wizards
  10 worker ants
  A big kobold zombie (Ossuary)
  A hound skeleton (D:6)
  5 mummies (Ossuary)
  A worker ant zombie (D:4)
  3 adders
  9 gnolls
  4 shadow imps
  An ooze (D:3)
  3 worms
  A dart slug (D:3)
  4 leopard geckos
  27 orcs
  2 bat zombies (D:5)
  4 giant cockroaches
  2 gnoll zombies (Ossuary)
  5 goblins
  10 hobgoblins
  8 jackals
  4 quokkas
  3 ball pythons
  3 bats (D:2)
  3 frilled lizards
  A hobgoblin zombie (Ossuary)
  2 jackal skeletons
  A jackal zombie (D:4)
  9 kobolds
  A kobold zombie (Ossuary)
  A quokka zombie (D:5)
  7 rats
  2 rat zombies (D:5)
188 creatures vanquished.

Vanquished Creatures (others)
  A plant (D:5)
1 creature vanquished.

Grand Total: 189 creatures vanquished

Notes
Turn   | Place    | Note
-------+----------+-------------------------------------------
     0 | D:1      | MisterOstroum the Vine Stalker Archaeologist began the
                  | quest for the Orb.
     0 | D:1      | Reached XP level 1. HP: 11/11 MP: 2/2
    97 | D:1      | Reached skill level 1 in Fighting
   146 | D:1      | Reached skill level 1 in Short Blades
   169 | D:1      | Reached XP level 2. HP: 12/16 MP: 3/3
   611 | D:2      | Reached XP level 3. HP: 20/20 MP: 4/4
   651 | D:2      | Reached skill level 2 in Short Blades
  1205 | D:2      | Found a runed door.
  1298 | D:3      | Reached XP level 4. HP: 24/26 MP: 5/5
  1487 | D:3      | Noticed a phantom
  1511 | D:3      | Killed a phantom
  1511 | D:3      | Reached skill level 3 in Short Blades
  1511 | D:3      | Reached XP level 5. HP: 25/31 MP: 6/6
  1511 | D:3      | Identified a scroll of acquirement
  1512 | D:3      | Identified the +4 pair of gloves of Sin {rCorr Dex+4} (You
                  | acquired it on level 3 of the Dungeon)
  1512 | D:3      | Identified the ring of Vowo {rCorr Slay+5 SInv} (You
                  | acquired it on level 3 of the Dungeon)
  1695 | D:3      | Found a shimmering altar of Xom.
  1787 | D:3      | Reached skill level 4 in Short Blades
  1793 | D:3      | Gained mutation: You have razor-sharp teeth. [Vine Stalker
                  | growth]
  1793 | D:3      | Reached XP level 6. HP: 12/36 MP: 7/7
  2076 | D:4      | Noticed Eustachio
  2085 | D:4      | Reached skill level 5 in Short Blades
  2133 | D:4      | Killed Eustachio
  2133 | D:4      | Reached XP level 7. HP: 42/42 MP: 8/8
  2179 | D:4      | Found a sand-covered staircase.
  2217 | Ossuary  | Entered an ossuary
  2298 | Ossuary  | Reached skill level 6 in Short Blades
  2538 | D:4      | Gained mutation: You have acidic saliva. [Jungle Stalker
                  | growth]
  2538 | D:4      | Gained mutation: Your system is resistant to poisons.
                  | (rPois) [Jungle Stalker growth]
  2538 | D:4      | Reached XP level 8. HP: 44/48 MP: 8/9
  2815 | D:4      | Reached skill level 5 in Stealth
  2817 | D:4      | Reached skill level 5 in Fighting
  2845 | D:4      | Reached skill level 7 in Short Blades
  3110 | D:5      | Entered Level 5 of the Dungeon
  3110 | D:5      | Found a staircase to the Ecumenical Temple.
  3130 | Temple   | Entered the Ecumenical Temple
  3186 | Temple   | Became a worshipper of the Wu Jian Council
  3230 | D:5      | Found an ancient bone altar of Kikubaaqudgha.
  3249 | D:5      | Noticed Menkaure
  3252 | D:5      | Killed Menkaure
  3338 | D:5      | Reached XP level 9. HP: 51/54 MP: 10/10
  3353 | D:5      | Found a shattered altar of Ashenzari.
  3355 | D:5      | Noticed a two-headed ogre
  3376 | D:5      | Reached skill level 8 in Short Blades
  3386 | D:5      | HP: 2/54 [two-headed ogre/+0 dire flail (10)]
  3394 | D:5      | Killed a two-headed ogre
  3394 | D:5      | Reached * piety under Wu Jian
  3394 | D:5      | Reached skill level 5 in Dodging
  3402 | D:5      | Reached skill level 9 in Short Blades
  3601 | D:5      | Found an iron altar of Okawaru.
  3805 | D:5      | Found Puzuts's Weapon Shop.
  3814 | D:5      | Bought a +1 dagger of speed for 130 gold pieces
  4207 | D:6      | Found a burning altar of Makhleb.
  4292 | D:6      | Reached skill level 1 in Shields
  4440 | D:6      | Reached XP level 10. HP: 60/60 MP: 11/11
  4514 | D:6      | Found a hide-covered altar of Uskayaw.
  4516 | D:6      | Noticed a +0 dagger
  4516 | D:6      | Noticed a +0 hand axe
  4599 | D:6      | Reached ** piety under Wu Jian
  4654 | D:6      | Found a snail-covered altar of Cheibriados.
  4740 | D:6      | Noticed a seven-headed hydra
  4801 | D:6      | Mangled by a seven-headed hydra

Skill      XL: |  1  2  3  4  5  6  7  8  9 10 |
---------------+-------------------------------+-----
Fighting       | 1 2 3 4 5 6 |  6.0
Short Blades   | 1 2 3 4 5 6 7 9 |  9.6
Stealth        | 5 6 |  6.3
Dodging        | 4 6 |  6.1
Shields        | 1 |  1.8
Maces & Flails | |  0.8
Armour         | |  0.6

Action                   |  1- 3 |  4- 6 |  7- 9 | 10-12 || total
-------------------------+-------+-------+-------+-------++-------
Melee: Dagger            |   117 |   101 |   355 |    75 ||   648
       Whip              |     4 |       |       |       ||     4
       Bite              |     5 |     9 |    38 |     7 ||    59
Throw: Stone             |       |     1 |       |       ||     1
Invok: Lunge             |       |       |    19 |     2 ||    21
       Whirlwind         |       |       |    18 |    12 ||    30
  Use: Scroll            |       |     1 |     6 |       ||     7
 Stab: Sleeping          |     3 |     1 |     3 |       ||     7
       Distracted        |       |       |     1 |       ||     1
  Eat: Chunk             |     1 |     3 |     8 |     1 ||    13
Armor: Robe              |     5 |       |       |       ||     5
       Ring mail         |    36 |    49 |    63 |     3 ||   151
Dodge: Dodged            |    75 |    45 |    96 |    13 ||   229
Block: Medium shield     |       |       |    14 |    10 ||    24
